 Dungeon Crawl Stone Soup version 0.25.1-3-ge44b62a0b3 (webtiles) character file.

Game seed: 1444560350534090280

121 Allula97 the Sneak (level 4, -4/34 HPs)
             Began as a Demonspawn Assassin on Nov 20, 2020.
             Slain by Grinder (7 damage)
             ... while paralysed by Grinder
             ... on level 3 of the Dungeon.
             The game lasted 00:05:45 (1905 turns).

Allula97 the Sneak (Demonspawn Assassin)            Turns: 1905, Time: 00:05:46

Health: -4/34      AC: 14    Str: 12    XL:     4   Next: 77%
Magic:  4/4        EV:  2    Int: 12    God:
Gold:   51         SH:  0    Dex: 15    Spells: 3/3 levels left

rFire    . . .     SeeInvis .   a - +2 dagger
rCold    . . .     Gourm    .   (no shield)
rNeg     . . .     Faith    .   t - +3 chain mail {rPois}
rPois    +         Spirit   .   (no helmet)
rElec    .         Reflect  .   c - +0 cloak
rCorr    .         Harm     .   (no gloves)
MR       .....                  (no boots)
Stlth    +.........             (no amulet)
HPRegen  0.11/turn              h - ring of stealth
MPRegen  0.09/turn              (no ring)

@: paralysed
A: molten scales 1, powered by pain 1
a: no special abilities


You were on level 3 of the Dungeon.
You were not hungry.

You visited 1 branch of the dungeon, and saw 3 of its levels.

You collected 51 gold pieces.

Inventory:

Hand Weapons
 a - a +2 dagger (weapon)
Missiles
 d - 55 poisoned darts (quivered)
 e - 2 curare-tipped darts
Armour
 c - a +0 cloak (worn)
 g - a +0 ring mail
 t - a +3 chain mail of poison resistance (worn)
 v - a cursed -2 ring mail
Jewellery
 h - a ring of stealth (left hand)
Wands
 s - a wand of random effects (17)
 u - a wand of acid (8)
Scrolls
 j - 3 scrolls of identify {unknown}
 k - a scroll of teleportation {unknown}
 m - 2 scrolls of blinking {unknown}
 n - a scroll of enchant armour {unknown}
 o - a scroll of magic mapping {unknown}
 q - 3 scrolls of remove curse {unknown}
Potions
 b - a potion of might {unknown}
 l - 2 potions of flight {unknown}
 p - 2 potions of curing {unknown}
 r - 2 potions of lignification {unknown}
Comestibles
 f - 2 rations
 i - 13 chunks of flesh


   Skills:
 * Level 2.4 Fighting
 * Level 2.7 Short Blades
 - Level 1.7 Throwing
 * Level 1.2 Armour
 * Level 2.0 Dodging
 * Level 4.4 Stealth


You had 3 spell levels left.
You didn't know any spells.
Your spell library was empty.

Dungeon Overview and Level Annotations

Branches:
Dungeon (3/15)

Altars:
Vehumet

Annotations:
D:3 Grinder


Innate Abilities, Weirdness & Mutations

You are partially covered in molten scales. (AC +2)
You sometimes gain a little power by taking damage.


Message History

Grinder gestures at you. Pain shoots through your body!
You closely miss Grinder.
Grinder is almost dead.
Grinder hits you.
You writhe in agony.
You hit Grinder.
Grinder is almost dead.
Grinder gestures at you.
You suddenly lose the ability to move!
Grinder gestures at you.
You barely resist. Grinder gestures at you.
You shrug off the repeated paralysis!
Grinder gestures at you. Pain shoots through your body!
* * * LOW HITPOINT WARNING * * *
Grinder gestures at you.
You shrug off the repeated paralysis!
Grinder hits you!
You die...

#.# #.# #.# ### #.
#.# ..# #. # #.#
#.### ##.#
.######.###...
#..##.##.##...##.###
#.#...#.#...#......#
....##.###....##@#.#
......##
##..###.5...(..
....##.###.#.#
###!#####
....###.#.##[#### )#
................. .
...........###### ##
#.########## #.# #.#


You could see Grinder (corroded).

Vanquished Creatures
  Jessica (D:2)
  Terence (D:2)
  2 worms
  A dart slug (D:3)
  2 leopard geckos
  6 orcs (D:3)
  2 giant cockroaches
  6 goblins
  5 hobgoblins
  7 jackals (D:2)
  A quokka (D:2)
  A ball python (D:1)
  3 bats
  4 frilled lizards
  5 kobolds
  5 rats
52 creatures vanquished.

Notes
Turn   | Place    | Note
-------+----------+-------------------------------------------
     0 | D:1      | Allula97 the Demonspawn Assassin began the quest for the
                  | Orb.
     0 | D:1      | Reached XP level 1. HP: 16/16 MP: 1/1
   299 | D:1      | Reached skill level 1 in Dodging
   465 | D:1      | Gained mutation: You are partially covered in molten
                  | scales. (AC +2) [demonic ancestry]
   465 | D:1      | Reached XP level 2. HP: 22/22 MP: 2/2
   689 | D:1      | Reached skill level 4 in Stealth
   858 | D:2      | Found a radiant altar of Vehumet.
  1071 | D:2      | Reached XP level 3. HP: 23/27 MP: 3/3
  1142 | D:2      | Noticed Jessica
  1159 | D:2      | Killed Jessica
  1257 | D:2      | Noticed Terence
  1278 | D:2      | Killed Terence
  1278 | D:2      | Reached skill level 1 in Armour
  1278 | D:2      | Gained mutation: You sometimes gain a little power by
                  | taking damage. [demonic ancestry]
  1278 | D:2      | Reached XP level 4. HP: 25/33 MP: 4/4
  1892 | D:3      | Noticed Grinder
  1900 | D:3      | Paralysed by Grinder for 6 turns
  1905 | D:3      | Slain by Grinder

Illustrated notes

Levels and vault maps discovered:
D:1:      lightli_molten_gateway, layout_loops_corners
D:2:      layout_basic, lemuel_doored_altar, kennysheep_jessica_study,
          uniq_terence
D:3:      layout_loops_ring, lemuel_crystal_altar, overflow_temple_1_default,
          uniq_grinder, uniq_jessica

Skill      XL: |  1  2  3  4 |
---------------+-------------+-----
Dodging        | 1 2 |  2.0
Stealth        | 4 |  4.4
Short Blades   | 2 |  2.7
Armour         | 1 |  1.2
Fighting       | |  2.4
Throwing       | |  1.7

Action                   |  1- 3 |  4- 6 || total
-------------------------+-------+-------++-------
Melee: Dagger            |   122 |   107 ||   229
Throw: Dart              |     7 |     9 ||    16
Evoke: Wand              |       |     3 ||     3
 Stab: Sleeping          |     4 |       ||     4
  Eat: Chunk             |     1 |     2 ||     3
Armor: Ring mail         |    65 |     2 ||    67
       Chain mail        |       |    45 ||    45
Dodge: Dodged            |    78 |    34 ||   112
